 Dungeon Crawl Stone Soup version 0.30-a0-141-g30f27751c5 (webtiles) character file.

Game seed: 5924380355491922286

222 qw the Chopper (level 5, -1/33 HPs)
             Began as a Gargoyle Fighter on Sept 25, 2022.
             Slain by a gnoll bouda
             ... wielding a +0 club
              (2 damage)
             ... on level 4 of the Dungeon.
             The game lasted 00:01:14 (3136 turns).

qw the Chopper (Gargoyle Fighter)                   Turns: 3136, Time: 00:01:15

Health: -1/33      AC: 14    Str: 22    XL:     5   Next: 99%
Magic:  5/5        EV:  9    Int:  8    God:
Gold:   164        SH:  4    Dex:  9    Spells: 4/4 levels left

rFire   . . .      SeeInvis .    Y - +1 war axe
rCold   . . .      Faith    .    c - +0 buckler
rNeg    + + .      Spirit   .    b - +0 scale mail
rPois   inf        Reflect  .    g - +0 helmet
rElec   +          Harm     .    l - +0 cloak
rCorr   .          Rampage  .    (no gloves)
Will    .....                    i - +0 pair of boots
Stlth   ..........               (no amulet)
HPRegen 0.11/turn                a - ring of positive energy
MPRegen 0.09/turn                (no ring)

@: about to teleport, weakened
A: sickness immunity, AC +4, negative energy resistance 1, electricity
resistance, torment resistance 1, petrification resistance, MP-powered wands
a: no special abilities


You were on level 4 of the Dungeon.
You visited 1 branch of the dungeon, and saw 4 of its levels.

You collected 164 gold pieces.


Innate Abilities, Weirdness & Mutations

You are immune to sickness and miasma.
Your stone body is resilient. (AC +4)
You are immune to poison.
You resist negative energy. (rN+)
You are resistant to electric shocks. (rElec)
You are resistant to unholy torment.
You are immune to petrification.
You expend magic power (3 MP) to strengthen your wands.


   Skills:
 + Level 3.8 Fighting
 - Level 5.2 Axes
 - Level 3.2 Armour
 - Level 3.2 Shields


You had 4 spell levels left.
You didn't know any spells.
Your spell library was empty.

Inventory:

Hand Weapons
 m - a +0 flail
 Y - a +1 war axe (weapon)
Armour
 b - a +0 scale mail (worn)
 c - a +0 buckler (worn)
 g - a +0 helmet (worn)
 i - a +0 pair of boots (worn)
 l - a +0 cloak (worn)
Jewellery
 a - a ring of positive energy (left hand)
Scrolls
 j - a scroll of identify
 o - 2 scrolls of teleportation
Potions
 d - a potion of might
 e - a potion of attraction
 k - a potion of haste {unknown}
 p - a potion of curing {unknown}
 r - a potion of ambrosia {unknown}

Dungeon Overview and Level Annotations

Branches:
Dungeon (4/15)
 Temple: D:4-7

Altars:
Qazlal
Trog
The Shining One


Message History

The gnoll bouda barely misses you. The gnoll closely misses you.
The gnoll barely misses you. x2
The gnoll bouda hits you with a +0 club.
The gnoll hits you but does no damage.
You slash the gnoll!
You kill the gnoll!
You hit the gnoll. You hit the gnoll bouda. You hit the gnoll but do no damage.
The gnoll barely misses you. The gnoll hits you but does no damage.
The gnoll bouda calls upon its god to heal the gnoll.
The gnoll is healed somewhat.
You barely miss the gnoll.
The gnoll is heavily wounded.
You slash the gnoll bouda! You closely miss the gnoll.
The gnoll hits you with a +2 flail of protection.
The gnoll hits you but does no damage. The gnoll bouda misses you.
3133 ||| READING 3 scrolls of teleportation.
As you read the scroll of teleportation, it crumbles to dust.
You feel strangely unstable. The gnoll hits you but does no damage.
The gnoll barely misses you.
The gnoll bouda hits you but does no damage.
3134 ||| DRINKING potion of heal wounds.
You feel much better. The gnoll barely misses you.
The gnoll hits you but does no damage.
The gnoll bouda hits you with a +0 club!
You hit the gnoll bouda but do no damage.
The gnoll bouda is severely wounded.
You hit the gnoll. x2
The gnoll hits you with a +2 flail of protection!
The gnoll hits you with a +0 whip. The gnoll bouda barely misses you.
You hit the gnoll.
The gnoll is almost dead.
You closely miss the gnoll.
You hit the gnoll bouda but do no damage.
The gnoll hits you but does no damage. The gnoll hits you with a +0 whip.
The gnoll bouda gazes fiercely through you!
You feel as though you will be weak longer.
You block the gnoll bouda's attack. The gnoll hits you with a +0 whip.
The gnoll hits you but does no damage.
The gnoll bouda hits you with a +0 club.
You die...

.# .# # .# #####.
.### #.....
###.#.###
#.....##...$...#
#........g)....#
#..?...#.@g....#
#......<.)g....#
.....<...#.#.....
.........#.# #...
.......>.... #.
.............
.........#.#).
.........#.#.##
.........#.#


You could see a gnoll bouda and 2 gnolls.

Vanquished Creatures
  A crimson imp (D:3)
  6 gnolls
  3 adders (D:2)
  An ufetubus (D:2)
  4 worms
  4 dart slugs
  6 bats
  4 endoplasms
  7 giant cockroaches
  4 goblins (D:2)
  6 hobgoblins
  2 jackals (D:2)
  6 kobolds
  5 quokkas
  8 ball pythons
  4 frilled lizards
  2 hobgoblin zombies (D:3)
  A kobold skeleton (D:3)
  2 orc skeletons (D:3)
  An orc zombie (D:3)
  3 rats
  A spectral kobold (D:1)
81 creatures vanquished.

Vanquished Creatures (others)
  A fungus (D:2)
1 creature vanquished.

Grand Total: 82 creatures vanquished

Notes
Turn   | Place    | Note
-------+----------+-------------------------------------------
     0 | D:1      | qw the Gargoyle Fighter began the quest for the Orb.
     0 | D:1      | Reached XP level 1. HP: 14/14 MP: 1/1
     0 | D:1      | 0 ||| qw: Version: 0.2-a-10-g399e6c4
     0 | D:1      | 0 ||| qw: Game counter: 145
     0 | D:1      | 0 ||| qw: Always use a shield: true
     0 | D:1      | 0 ||| qw: God list: Okawaru
     0 | D:1      | 0 ||| qw: Allow faded altars: false
     0 | D:1      | 0 ||| qw: Do Orc after D:15 true
     0 | D:1      | 0 ||| qw: Do second Lair branch before Depths: true
     0 | D:1      | 0 ||| qw: Lair rune preference: random
     0 | D:1      | 0 ||| qw: Plans: Normal, Zot:1-4, God:TSO, Crypt, Tomb,
                  | Pan, Slime:5, Hells, Abyss, Orb
     0 | D:1      | 0 ||| PLANNING D:1-11
    48 | D:1      | Reached skill level 2 in Axes
    56 | D:1      | 56 ||| Stepping ~*~*~tactically~*~*~ (hiding).
    66 | D:1      | Reached XP level 2. HP: 19/19 MP: 2/2
    97 | D:1      | 97 ||| Stepping ~*~*~tactically~*~*~ (stealth).
   246 | D:1      | Found a faded altar of an unknown god.
   526 | D:1      | Reached skill level 3 in Axes
   596 | D:1      | Reached XP level 3. HP: 21/23 MP: 3/3
  1215 | D:1      | 1215 ||| UPGRADING to +0 helmet.
  1220 | D:1      | 1220 ||| UPGRADING to +0 pair of boots.
  1225 | D:1      | 1225 ||| READING scroll labelled PEYNECV GAJAPH.
  1226 | D:1      | 1226 ||| READING scroll labelled CUPPAO HAAB.
  1227 | D:1      | 1227 ||| READING scroll labelled KAXZICV OCOOVO.
  1228 | D:1      | 1228 ||| READING scroll labelled ZOAPSU BONU.
  1229 | D:1      | 1229 ||| READING scroll labelled QUESKU DOBA.
  1229 | D:1      | Identified a scroll of acquirement
  1229 | D:1      | 1229 ||| ACQUIRING ring of positive energy
  1229 | D:1      | Acquired a ring of positive energy
  1231 | D:1      | 1231 ||| UPGRADING to ring of positive energy.
  1232 | D:1      | 1232 ||| DRINKING 2 orange potions.
  1233 | D:1      | 1233 ||| DROPPING potion of degeneration.
  1288 | D:2      | 1288 ||| Stepping ~*~*~tactically~*~*~ (stealth).
  1317 | D:2      | Reached XP level 4. HP: 16/28 MP: 4/4
  1328 | D:2      | HP: 7/28 [adder (3)]
  1336 | D:2      | Reached skill level 4 in Axes
  1412 | D:2      | 1412 ||| FLEEEEING.
  1413 | D:2      | 1413 ||| STAIRDANCE
  1665 | D:2      | Identified the +2 ring mail of Blue Skies {rElec Int+3}
  1759 | D:2      | 1759 ||| Stepping ~*~*~tactically~*~*~ (hiding).
  1762 | D:2      | 1762 ||| Stepping ~*~*~tactically~*~*~ (hiding).
  1900 | D:2      | 1900 ||| Stepping ~*~*~tactically~*~*~ (stealth).
  2240 | D:2      | 2240 ||| DROPPING +2 ring mail of Blue Skies {rElec Int+3}.
  2241 | D:2      | 2241 ||| UPGRADING to +0 cloak.
  2246 | D:2      | 2246 ||| READING scroll labelled QESHEA ALUMUA.
  2247 | D:2      | 2247 ||| READING scroll labelled KOAJAO YTZUE.
  2252 | D:2      | 2252 ||| READING scroll labelled ZODABR USAPHO.
  2282 | D:3      | 2282 ||| Stepping ~*~*~tactically~*~*~ (stealth).
  2291 | D:3      | 2291 ||| Stepping ~*~*~tactically~*~*~ (hiding).
  2292 | D:3      | 2292 ||| Stepping ~*~*~tactically~*~*~ (hiding).
  2301 | D:3      | Reached XP level 5. HP: 27/32 MP: 5/5
  2314 | D:3      | 2314 ||| FLEEEEING.
  2315 | D:3      | 2315 ||| FLEEEEING.
  2364 | D:3      | 2364 ||| DROPPING +0 club.
  2588 | D:3      | Found a stormy altar of Qazlal.
  2790 | D:3      | 2790 ||| Stepping ~*~*~tactically~*~*~ (hiding).
  2854 | D:3      | Found a glowing golden altar of the Shining One.
  2855 | D:3      | 2855 ||| Stepping ~*~*~tactically~*~*~ (hiding).
  2864 | D:3      | Reached skill level 5 in Axes
  2866 | D:3      | 2866 ||| Stepping ~*~*~tactically~*~*~ (stealth).
  2869 | D:3      | 2869 ||| Stepping ~*~*~tactically~*~*~ (stealth).
  2871 | D:3      | 2871 ||| Stepping ~*~*~tactically~*~*~ (stealth).
  2915 | D:3      | Found a bloodstained altar of Trog.
  3087 | D:3      | 3087 ||| DROPPING amulet of magic regeneration.
  3088 | D:3      | 3088 ||| READING 3 scrolls labelled HOLUKK XUNOCK.
  3089 | D:3      | 3089 ||| DRINKING 2 fizzy green potions.
  3089 | D:3      | Gained mutation: You are vulnerable to heat. (rF-) [potion
                  | of mutation]
  3089 | D:3      | Gained mutation: You are partially covered in iridescent
                  | scales. (AC +2) [potion of mutation]
  3090 | D:3      | 3090 ||| DRINKING potion of mutation.
  3090 | D:3      | Lost mutation: You are partially covered in iridescent
                  | scales. (AC +2) [potion of mutation]
  3090 | D:3      | Lost mutation: You are vulnerable to heat. (rF-) [potion of
                  | mutation]
  3090 | D:3      | Gained mutation: You expend magic power (3 MP) to
                  | strengthen your wands. [potion of mutation]
  3091 | D:3      | 3091 ||| DRINKING 2 pink potions.
  3092 | D:3      | 3092 ||| READING 2 scrolls of identify.
  3092 | D:3      | 3092 ||| IDENTIFYING metallic green potion
  3093 | D:3      | 3093 ||| DROPPING 2 scrolls of immolation.
  3132 | D:4      | HP: 8/33 [gnoll/+2 flail of protection[a gnoll bouda] (2)]
  3133 | D:4      | 3133 ||| READING 3 scrolls of teleportation.
  3134 | D:4      | 3134 ||| DRINKING potion of heal wounds.
  3136 | D:4      | HP: 1/33 [gnoll/+0 whip[a gnoll bouda] (4)]
  3136 | D:4      | Slain by a gnoll bouda

Levels and vault maps discovered:
D:1:      dpeg_arrival_round_c, layout_basic,
          dreamdust_ecumenical_altar_drowned_temple, minivault_14
D:2:      layout_rooms, minmay_surrounded, uniq_crazy_yiuf_cottage
D:3:      layout_basic, overflow_temple_1_default, lemuel_doored_altar,
          nicolae_tso_besieged_by_evil
D:4:      layout_basic, uniq_menkaure, uniq_robin

Skill      XL: |  1  2  3  4  5 |
---------------+----------------+-----
Axes           | 2 3 4 5 |  5.2
Fighting       | |  3.8
Armour         | |  3.2
Shields        | |  3.2

Action                   |  1- 3 |  4- 6 || total
-------------------------+-------+-------++-------
Melee: War axe           |   102 |   133 ||   235
  Use: Scroll            |     5 |     6 ||    11
       Potion            |     1 |     4 ||     5
Armor: Scale mail        |    86 |    67 ||   153
Dodge: Dodged            |    68 |    63 ||   131
Block: Buckler           |    29 |    26 ||    55

Table legend:
 A = Non-vault XP
 B = Vault XP
 C = Vault XP percentage of total XP
 D = Non-vault monster count
 E = Vault monster count
 F = Vault count percentage of total count
                 A         B        C        D         E       F
            +---------+---------+-------+---------+---------+-------
      Total |     250 |      68 |  21.4 |      68 |      13 |  16.0
            +---------+---------+-------+---------+---------+-------
        D:1 |      49 |       1 |   2.0 |      26 |       1 |   3.7
        D:2 |      85 |      11 |  11.5 |      22 |       5 |  18.5
        D:3 |      71 |      56 |  44.1 |      16 |       7 |  30.4
        D:4 |      45 |       0 |   0.0 |       4 |       0 |   0.0
            +---------+---------+-------+---------+---------+-------
